 Dungeon Crawl Stone Soup version 0.31-a0-182-gc5ef74bbde (webtiles) character file.

Game seed: 720137534083379332

296 mdonais the Shooter (level 6, -5/43 HPs)
             Began as an Octopode Wanderer on June 20, 2023.
             Slain by a gnoll
             ... wielding a +0 club
              (8 damage)
             ... on level 3 of the Dungeon.
             The game lasted 00:13:15 (2717 turns).

mdonais the Shooter (Octopode Wanderer)             Turns: 2717, Time: 00:13:15

Health: -5/43      AC:  1    Str: 11    XL:     6   Next: 34%
Magic:  2/8        EV: 12    Int: 22    God:
Gold:   225        SH:  0    Dex: 12    Spells: 7/8 levels left

rFire   . . .        a - +2 sling
rCold   . . .        (no shield)
rNeg    . . .        (helmet restricted)
rPois   .            i - amulet of the acrobat
rElec   .            u - +6 ring of intelligence
rCorr   .            (no ring)
SInv    .            (no ring)
Will    +....        (no ring)
Stlth   +++          (no ring)
HPRegen 0.27/turn    (no ring)
MPRegen 0.11/turn    (no ring)
                     (no ring)

%: acrobat
@: brilliant, enlightened, flying
A: almost no armour, amphibious, 8 rings, camouflage 1, gelatinous body 1,
(nimble swimmer 1), tentacles
a: no special abilities


You were on level 3 of the Dungeon.
You visited 1 branch of the dungeon, and saw 4 of its levels.

You collected 225 gold pieces.

Inventory:

Hand Weapons
 a - a +2 sling (weapon)
 c - a +0 dagger
 q - a +1 flail of protection
   (You took it off an orc on level 3 of the Dungeon)
Missiles
 n - 5 poisoned darts
 t - 8 boomerangs (quivered)
Jewellery
 i - an amulet of the acrobat (around mantle)
   (You found it on level 2 of the Dungeon)
 u - a +6 ring of intelligence (left tentacle)
   (You found it on level 3 of the Dungeon)
Wands
 m - a wand of light (7)
   (You found it on level 2 of the Dungeon)
Scrolls
 j - a scroll of vulnerability {unknown}
 l - a scroll of fog
 o - a scroll of blinking {unknown}
 r - a scroll of immolation {unknown}
 s - a scroll of enchant weapon {unknown}
 R - a scroll of identify
Potions
 b - a potion of attraction {unknown}
 e - a potion of enlightenment
 h - a potion of brilliance
 k - a potion of resistance {unknown}
 p - a potion of lignification {unknown}
 Q - a potion of curing


   Skills:
 + Level 3.8 Fighting
 + Level 4.8 Ranged Weapons
 - Level 1.0 Throwing
 - Level 4.0 Stealth
 - Level 1.6 Spellcasting
 - Level 2.4 Earth Magic


You had 7 spell levels left.
You knew the following spells:

 Your Spells              Type           Power      Damage    Failure   Level
a - Sandblast             Erth           38%        2d10      5%          1

Your spell library contained the following spells:

 Spells                   Type           Power      Damage    Failure   Level
 Beastly Appendage        Tmut           4%         N/A       14%         1
 Wereblood                Tmut           2%         N/A       22%         2
 Stone Arrow              Conj/Erth      20%        3d8       26%         3
 Spider Form              Tmut/Pois      2%         N/A       41%         3


Dungeon Overview and Level Annotations

Branches:
Dungeon (4/15) Zot: 21218
 Temple: D:4-7

Altars:
Trog

Shops:
D:2 :(


Innate Abilities, Weirdness & Mutations

You cannot wear most types of armour.
You are amphibious.
You can wear up to eight rings at the same time.
Your skin changes colour to match your surroundings (Stealth+).
Your rubbery body absorbs attacks. (AC +1, EV +1)
((You are camouflaged when in or above water. (Stealth+)))
You have tentacles for arms and can constrict up to eight enemies at once.


Message History

The orc attacks as you move away! The orc hits you with a +0 dagger.
* * * LOW HITPOINT WARNING * * *
You take 3 damage, and have 7/43 hp.
The orc attacks as you move away! The orc completely misses you.
Your surroundings suddenly seem different.
There is a stone staircase leading down here.
You start resting.
Magic restored.
You regained 15 hp, and now have 25/43 hp.
MP restored: 8 You climb downwards.
You hear the hiss of flowing sand.
There is an entrance to an ossuary on this level.
Hurry and find it before the portal is buried!
You hear the slow hiss of an avalanche of sand nearby.
The gnoll shouts!
The ufetubus shouts!
You hear a shout!
Found 15 stones.
There is a stone staircase leading up here.
As you read the scroll labelled OSYIR YRPHU, it crumbles to dust.
It is a scroll of identify.
f - a scroll of summoning;
R - a scroll of identify The gnoll shouts!
An orc comes into view. It is wielding a +0 hand axe.
A gnoll comes into view. It is wielding a +0 whip.
As you read the scroll labelled ECINYE LUAVATS, it dissolves into smoke.
It was a scroll of fog.
An adder comes into view.
You climb upwards.
There is a stone staircase leading down here.
You see here a +0 dagger.
You see here a +0 war axe.
You see here a +0 short sword.
You see here a +0 chain mail.
There is a stone staircase leading down here.
You regained 12 hp, and now have 39/43 hp.
You climb downwards.
You hear the hiss of flowing sand.
There is an entrance to an ossuary on this level.
Hurry and find it before the portal is buried!
You hear the slow hiss of an avalanche of sand nearby.
There is a stone staircase leading up here.
As you read the scroll of summoning, it crumbles to dust.
Wisps of shadow whirl around you...
The orc shouts!
The goblin shouts!
The gnoll shouts!
You hear an angry hiss.
The goblin hits you with a +0 club.
You take 2 damage, and have 38/43 hp.
Casting: Sandblast (safe; 5% risk of failure)
Confirm with . or Enter, or press ? or * to list all spells.
Aiming: Sandblast (safe; 5% risk of failure)
Press: ? - help, Shift-Dir - straight line, f - orc
Aim: an orc, wielding a +0 hand axe and wearing a +0 ring mail (84% to hit)
The blast of sand hits the goblin!
You kill the goblin!
The orc hits your worm with a +0 war axe!
The orc barely misses you.
The orc hits your worm with a +0 war axe.
You now have 7/8 mp.
Casting: Sandblast (safe; 5% risk of failure)
Confirm with . or Enter, or press ? or * to list all spells.
Aiming: Sandblast (safe; 5% risk of failure)
Press: ? - help, Shift-Dir - straight line, f - gnoll, p - orc
Aim: a gnoll, wielding a +0 whip (84% to hit)
The blast of sand hits the orc.
The orc is severely wounded.
Your ball python bites the orc but does no damage.
Your ball python grabs the orc.
Your ball python constricts the orc.
Your worm bites the orc!
The orc dies!
Your ball python bites the orc but does no damage.
Your ball python constricts the orc.
The orc hits your ball python with a +0 dagger.
The orc hits your ball python with a +0 hand axe.
You now have 6/8 mp.
Casting: Sandblast (safe; 5% risk of failure)
Confirm with . or Enter, or press ? or * to list all spells.
Aiming: Sandblast (safe; 5% risk of failure)
Press: ? - help, Shift-Dir - straight line, f/p - gnoll
Aim: a gnoll, wielding a +0 whip (84% to hit)
The blast of sand hits the orc.
The orc is almost dead.
Your ball python bites the orc but does no damage.
Your ball python constricts the orc.
The orc misses you. The orc barely misses your ball python.
The ufetubus barely misses your ball python.
The ufetubus hits your ball python.
Your ball python dies!
Your ball python's corpse dissolves into shadows!
Your quokka closely misses the orc.
The orc hits you with a +0 dagger.
You take 4 damage, and have 35/43 hp.
You now have 5/8 mp.
Casting: Sandblast (safe; 5% risk of failure)
Confirm with . or Enter, or press ? or * to list all spells.
Aiming: Sandblast (safe; 5% risk of failure)
Press: ? - help, Shift-Dir - straight line, f/p - gnoll
Aim: a gnoll, wielding a +0 whip (84% to hit)
The blast of sand misses the orc.
The blast of sand hits the gnoll.
The gnoll is lightly wounded.
Your quokka barely misses the orc.
The orc barely misses your worm. The orc hits you with a +0 hand axe.
The orc hits your quokka with a +0 hand axe.
Your quokka bites the orc.
You take 1 damage, and have 34/43 hp.
You now have 4/8 mp.
It was a potion of enlightenment.
You feel very buoyant.
You fly up into the air.
The orc hits your worm but does no damage.
The orc hits your quokka with a +0 hand axe.
Your quokka dies!
Your quokka's corpse dissolves into shadows!
The orc misses you.
Your worm bites the orc!
The orc dies!
The orc hits you with a +0 hand axe. The gnoll hits you with a +0 club.
The ufetubus closely misses you. The ufetubus hits you.
You fly upwards.
Your summoned ally is left behind.
There is a stone staircase leading down here.
You take 5 damage, and have 29/43 hp.
Casting: Sandblast (safe; 5% risk of failure)
Confirm with . or Enter, or press ? or * to list all spells.
Aiming: Sandblast (safe; 5% risk of failure)
Press: ? - help, Shift-Dir - straight line, f - orc
Aim: an orc, wielding a +0 hand axe and wearing a +0 ring mail (moderately wounded, 84% to hit)
The blast of sand hits the orc but does no damage.
The orc is moderately wounded.
The orc hits you with a +0 hand axe. The gnoll barely misses you.
The gnoll closely misses you. The orc hits you but does no damage.
You take 4 damage, and have 25/43 hp.
You now have 4/8 mp.
Casting: Sandblast (safe; 5% risk of failure)
Confirm with . or Enter, or press ? or * to list all spells.
Aiming: Sandblast (safe; 5% risk of failure)
Press: ? - help, Shift-Dir - straight line, f/p - orc
Aim: an orc, wielding a +0 hand axe and wearing a +0 ring mail (moderately wounded, 84% to hit)
The blast of sand misses the orc.
The gnoll hits you with a +0 club. The orc closely misses you.
You take 5 damage, and have 20/43 hp.
You now have 3/8 mp.
Casting: Sandblast (safe; 5% risk of failure)
Confirm with . or Enter, or press ? or * to list all spells.
Aiming: Sandblast (safe; 5% risk of failure)
Press: ? - help, Shift-Dir - straight line, f/p - orc
Aim: an orc, wielding a +0 hand axe and wearing a +0 ring mail (moderately wounded, 84% to hit)
The blast of sand hits the orc but does no damage.
The orc is moderately wounded.
The orc closely misses you. The gnoll hits you with a +0 club. x2
The orc hits you with a +0 hand axe!
* * * LOW HITPOINT WARNING * * *
You take 14 damage, and have 6/43 hp.
MASSIVE DAMAGE!!
You now have 2/8 mp.
Okay, then.
It was a potion of brilliance.
You feel clever all of a sudden. The orc barely misses you.
The gnoll hits you with a +0 club.
* * * LOW HITPOINT WARNING * * *
You take 3 damage, and have 3/43 hp.
The gnoll attacks as you move away! The gnoll hits you with a +0 club!
You die...

...................# ##.#
...................###..#
.................(.#...##
.....................###
....................##
...................##
...................##
....................#
................@...#
...............go...#
###################.# #.#
#.# #.# ####### #.#
......#############.#
#...................#


You could see a gnoll and an orc.

Vanquished Creatures
  Sigmund (D:3)
  Robin (D:3)
  An adder (D:3)
  4 worms
  4 dart slugs
  7 orcs
  6 bats
  5 endoplasms
  6 giant cockroaches
  13 goblins
  10 hobgoblins
  3 jackals (D:3)
  2 quokkas
  6 ball pythons
  5 frilled lizards
  9 kobolds
  3 rats
86 creatures vanquished.

Vanquished Creatures (collateral kills)
  2 orcs (D:4)
2 creatures vanquished.

Grand Total: 88 creatures vanquished

Notes
Turn   | Place    | Note
-------+----------+-------------------------------------------
     0 | D:1      | mdonais the Octopode Wanderer began the quest for the Orb.
     0 | D:1      | mdonais set off with the following items: a +2 sling, a +0
                  | dagger, 8 boomerangs, a scroll of teleportation; and the
                  | following spell memorised: Sandblast; and the following
                  | spells available to memorise: Stone Arrow.
     0 | D:1      | Reached XP level 1. HP: 13/13 MP: 2/2
   140 | D:1      | Reached XP level 2. HP: 18/18 MP: 3/3
   597 | D:1      | Reached XP level 3. HP: 23/23 MP: 5/5
   789 | D:2      | Found Jufricyd's Weapon Shoppe.
   985 | D:2      | Found Jifukoce's Book Shop.
  1350 | D:3      | Found a bloodstained altar of Trog.
  1357 | D:3      | Reached XP level 4. HP: 28/28 MP: 6/6
  1507 | D:3      | Noticed Sigmund
  1850 | D:3      | Killed Sigmund
  1851 | D:3      | Reached XP level 5. HP: 36/36 MP: 7/7
  1851 | D:3      | Reached XP level 6. HP: 42/42 MP: 8/8
  2156 | D:3      | Noticed Robin
  2456 | D:3      | Killed Robin
  2717 | D:3      | Slain by a gnoll

Illustrated notes

Levels and vault maps discovered:
D:1:      reono_arrival_mine, layout_loops_ring, minmay_liquid_box
D:2:      layout_rooms, serial_shops, nicolae_shop_back_alley_shop, shop
D:3:      layout_basic, amcnicky_altar_gilded, nrook_uturn, uniq_robin,
          uniq_sigmund
D:4:      layout_rooms, gup_ossuary_entry_pyramid

Skill      XL: |  1  2  3  4 |
---------------+-------------+-----
Stealth        | 3 4 |  4.0
Fighting       | 3 |  3.8
Ranged Weapons | 4 |  4.8
Throwing       | |  1.0
Spellcasting   | |  1.6
Earth Magic    | |  2.4

Action                     |  1- 3 |  4- 6 || total
---------------------------+-------+-------++-------
   Fire: Sling             |    94 |   117 ||   211
  Throw: Boomerang         |       |    11 ||    11
   Cast: Sandblast         |     4 |    26 ||    30
  Evoke: Wand              |       |     3 ||     3
    Use: Scroll            |       |     4 ||     4
         Potion            |       |     3 ||     3
 Armour: Skin              |     2 |     4 ||     6
  Dodge: Dodged            |    19 |    50 ||    69

Table legend: (Time is in decaauts)
 A = Elapsed time spent in this place.
 B = Non-inter-level travel time spent in this place.
 C = Inter-level travel time spent in this place.
 D = Time resting spent in this place.
 E = Time spent auto-exploring this place.
 F = Levels seen in this place.
 G = Mean time per level.
                   A        B        C        D        E       F      G
               +--------+--------+--------+--------+--------+-----+--------+
         Total |   2781 |   2560 |    221 |     55 |   1813 |   4 |  695.2 |
       Dungeon |   2781 |   2560 |    221 |     55 |   1813 |   4 |  695.2 |
               +--------+--------+--------+--------+--------+-----+--------+

Top non-repeatable levels by time:
     D:3: 1414 daAuts
     D:1: 792 daAuts
     D:2: 556 daAuts
     D:4: 18 daAuts
